 Dungeon Crawl Stone Soup version 0.28-a0-385-g79de503ca0 (webtiles) character file.

Game seed: 8954949047239855838

163 Decipherer the Skirmisher (level 5, 0/41 (42) HPs)
             Began as a Formicid Abyssal Knight on Sept 3, 2021.
             Was a Believer of Lugonu.
             Slain by a hound (1 damage)
             ... on level 3 of the Dungeon.
             The game lasted 00:06:10 (4143 turns).

Decipherer the Skirmisher (Formicid Abyssal Knight) Turns: 4143, Time: 00:06:10

HP:   0/41 (42)     AC:  9    Str: 17    XL:     5   Next: 73%
MP:   6/6           EV:  5    Int: 11    God:    Lugonu [**....]
Gold: 108           SH: 11    Dex: 11    Spells: 4/4 levels left

rFire   . . .      SeeInvis +   q - +0 war axe (drain)
rCold   . . .      Faith    .   p - +0 tower shield
rNeg    . . .      Spirit   .   u - +0 scale mail
rPois   .          Reflect  .   (helmet unavailable)
rElec   .          Harm     .   (no cloak)
rCorr   .          Rampage  .   (no gloves)
Will    .....                   i - +1 pair of boots
Stlth   ..........              (no amulet)
HPRegen 0.13/turn               (no ring)
MPRegen 0.10/turn               (no ring)

@: lightly drained
A: permanent stasis, dig shafts and tunnels, antennae 3, four strong arms, wild
magic 1
a: Dig, Shaft Self, Renounce Religion, Depart the Abyss, Bend Space


You were on level 3 of the Dungeon.
You worshipped Lugonu.
Lugonu was pleased with you.
You visited 1 branch of the dungeon, and saw 4 of its levels.
You visited the Abyss 1 time.

You collected 108 gold pieces.

Inventory:

Hand Weapons
 a - a +1 spear
 q - a +0 war axe of draining (weapon)
Missiles
 s - 27 poisoned darts
 t - 3 boomerangs
Armour
 b - a +0 leather armour
 g - a +0 scale mail
 h - a +0 chain mail
 i - a +1 pair of boots (worn)
 p - a +0 tower shield (worn)
 u - a +0 scale mail (worn)
Magical Staves
 v - a staff of conjuration
Scrolls
 c - a scroll of enchant weapon
 k - a scroll of brand weapon
 r - 2 scrolls of identify
Potions
 f - a potion of attraction
 m - a potion of flight


   Skills:
 + Level 4.2 Fighting
 + Level 2.2(2.9) Axes
 + Level 2.6(3.0) Polearms
 + Level 3.2 Armour
 + Level 1.1 Dodging
 + Level 0.3 Stealth
 + Level 1.8 Shields
 + Level 2.3 Invocations


You had 4 spell levels left.
You didn't know any spells.
Your spell library contained the following spells:

 Spells                   Type           Power      Damage    Failure   Level
 Corona                   Hex            0%         N/A       100%        1
 Ensorcelled Hibernation  Hex/Ice        0%         N/A       100%        2
 Tukima's Dance           Hex            0%         N/A       100%        3


Dungeon Overview and Level Annotations

Branches:
Dungeon (4/15)
 Temple: D:4-7

Altars:
Dithmenos
Wu Jian

Annotations:
D:2 Sigmund
D:4 Robin


Innate Abilities, Weirdness & Mutations

You cannot be hasted, slowed, berserked, paralysed or teleported.
You can dig through walls and to a lower floor.
You have a pair of large antennae on your head. (SInv)
Your four strong arms can wield two-handed weapons with a shield.
Your spells are a little harder to cast, but a little more powerful.


Message History

You closely miss the hound.
The hound is heavily wounded.
You block the hound's attack. x3
You closely miss the hound.
The hound is heavily wounded.
The hound bites you but does no damage. You block the hound's attack.
The hound bites you.
* * * LOW HITPOINT WARNING * * *
You closely miss the hound.
The hound is heavily wounded.
The hound bites you.
* * * LOW HITPOINT WARNING * * *
The hound bites you but does no damage.
You barely miss the hound.
The hound is heavily wounded.
You block the hound's attack. The hound bites you.
* * * LOW HITPOINT WARNING * * *
The hound bites you but does no damage.
As you read the scroll labelled VOENTA XUIDGH, it crumbles to dust.
It is a scroll of identify.
c - a scroll of enchant weapon The hound bites you.
* * * LOW HITPOINT WARNING * * *
You block the hound's attack.
As you read the scroll labelled WEP TOUJIEHA, it crumbles to dust.
Your stasis prevents you from teleporting.
It was a scroll of blinking.
The hound bites you.
* * * LOW HITPOINT WARNING * * *
Okay, then.
You aren't carrying any pieces of jewellery.
You aren't carrying any items that you can evoke.
You don't know any spells.
You are too injured to fight recklessly!
You extend your mandibles.
You dig through the rock wall.
The hound bites you.
* * * LOW HITPOINT WARNING * * *
You dig through the rock wall.
You block the hound's attack.
You dig through the rock wall.
You block the hound's attack.
You dig through the rock wall.
The hound bites you.
You die...

#.##.###.######...##############.
...................########## #.
.....<.......(.......>......# #.
#.##.#...........####.#####.# #.
#.##............## #.# #.# #.
#.###.#.#######.# #.# #.# #. ..#
#.#[# #.#####.# #.# #. .## #.#.#
#..hS..># #.# #. .# #.#.#
#.@####.# #<# #. .# #.#.# #.##
#.# #.####. .####.#.# #.# #.#
#...... ........# #.# #.# #####..
.################ #.# #..
....#.#.#.).#.#.# #.# #..
.#####.#..#..#.## #.# #.. .#
#.#..###..#.# #†# #.. .#
##..##.##†.## #)# ##.


You could see a hound and an adder.

Vanquished Creatures
  A centaur skeleton (D:4)
  2 iguanas
  An adder (D:2)
  A worm (D:2)
  2 dart slugs
  4 orcs (D:3)
  6 endoplasms
  5 giant cockroaches
  6 goblins
  3 hobgoblins
  2 jackals (D:1)
  7 kobolds
  2 quokkas
  5 ball pythons
  4 bats
  8 frilled lizards
  4 rats
63 creatures vanquished.

Notes
Turn   | Place    | Note
-------+----------+-------------------------------------------
     0 | Abyss:1  | Decipherer the Formicid Abyssal Knight began the quest for
                  | the Orb.
     0 | Abyss:1  | Reached XP level 1. HP: 18/18 MP: 2/2
    42 | Abyss:1  | Found a corrupted altar of Lugonu.
    52 | Abyss:1  | Noticed an orange demon
    57 | D:1      | Escaped the Abyss
   317 | D:1      | Found a faded altar of an unknown god.
   580 | D:1      | Reached XP level 2. HP: 24/24 MP: 3/3
  1248 | D:1      | Reached * piety under Lugonu
  1259 | D:1      | Reached XP level 3. HP: 26/30 MP: 4/4
  1385 | D:1      | Reached skill level 1 in Dodging
  1703 | D:2      | Reached skill level 4 in Fighting
  1878 | D:2      | Noticed Sigmund
  2231 | D:2      | Found an ornate altar of the Wu Jian Council.
  2338 | D:3      | Reached XP level 4. HP: 29/37 MP: 5/5
  2436 | D:3      | Found a shadowy altar of Dithmenos.
  2671 | D:3      | Reached skill level 1 in Axes
  3188 | D:3      | Reached XP level 5. HP: 23/42 MP: 6/6
  3705 | D:4      | Reached ** piety under Lugonu
  3706 | D:4      | Reached skill level 1 in Shields
  3760 | D:4      | HP: 2/42 [iguana (11)]
  3767 | D:4      | Gained mutation: Your spells are a little harder to cast,
                  | but a little more powerful. [potion of mutation]
  4022 | D:4      | Noticed a necrophage
  4076 | D:4      | Noticed a phantom
  4077 | D:4      | Noticed Robin
  4139 | D:3      | HP: 2/41 [hound (1)]
  4143 | D:3      | Slain by a hound

Illustrated notes

Levels and vault maps discovered:
D:1:      denvon_arrival_hothouse, layout_basic,
          shapermc_ecumenical_altar_mp_highgroup, serial_bayou_pond_e
D:2:      layout_rooms, basic_altar, minmay_misc_feat_rugged, uniq_sigmund
D:3:      minmay_diamond_boxcup, layout_loops_ring,
          nicolae_dithmenos_through_a_glass_darkly
D:4:      layout_gridville, minmay_misc_feat_secret_circle, feat_on_display,
          uniq_robin

Skill      XL: |  1  2  3  4  5 |
---------------+----------------+-----
Dodging        | 1 |  1.1
Fighting       | 4 |  4.2
Axes           | 1 2 |  2.2
Armour         | 3 |  3.2
Shields        | 1 |  1.8
Polearms       | |  2.6
Stealth        | |  0.3
Invocations    | |  2.3

Action                   |  1- 3 |  4- 6 || total
-------------------------+-------+-------++-------
Melee: Spear             |   115 |     3 ||   118
       War axe           |       |   127 ||   127
Invok: Depart the Abyss  |     1 |       ||     1
 Abil: Dig               |       |     7 ||     7
  Use: Potion            |       |     9 ||     9
       Scroll            |       |     3 ||     3
Armor: Leather armour    |     5 |       ||     5
       Scale mail        |    44 |   117 ||   161
       Skin              |       |    11 ||    11
Dodge: Dodged            |    57 |    59 ||   116
Block: Tower shield      |       |   122 ||   122

Table legend: (Time is in decaauts)
 A = Elapsed time spent in this place.
 B = Non-inter-level travel time spent in this place.
 C = Inter-level travel time spent in this place.
 D = Time resting spent in this place.
 E = Time spent auto-exploring this place.
 F = Levels seen in this place.
 G = Mean time per level.
                   A        B        C        D        E       F      G
               +--------+--------+--------+--------+--------+-----+--------+
         Total |   4240 |   4051 |    189 |      0 |   3297 |   5 |  848.0 |
       Dungeon |   4183 |   3994 |    189 |      0 |   3247 |   4 | 1045.8 |
         Abyss |     57 |     57 |      0 |      0 |     50 |   1 |   57.0 |
               +--------+--------+--------+--------+--------+-----+--------+

Top non-repeatable levels by time:
     D:1: 1822 daAuts
     D:3: 1538 daAuts
     D:4: 456 daAuts
     D:2: 366 daAuts
 Abyss:1: 57 daAuts
